 Dungeon Crawl Stone Soup version 0.23.0-2-g0fe3ce5 (webtiles) character file.

Game seed: 7485626472674426788

3369 Folque the Magician (level 9, -6/68 HPs)
             Began as a Black Draconian Earth Elementalist on Feb 19, 2019.
             Was an Elder of Sif Muna.
             Mangled by a warg (8 damage)
             ... on level 8 of the Dungeon.
             The game lasted 00:36:32 (7561 turns).

Folque the Magician (DrEE)                          Turns: 7561, Time: 00:36:33

Health: -6/68      AC: 10    Str: 15    XL:     9   Next: 73%
Magic:  9/20       EV: 14    Int: 19    God:    Sif Muna [****..]
Gold:   390        SH:  0    Dex: 15    Spells: 1/23 levels left

rFire    . . .     SeeInvis .   e - +2 dagger (flame)
rCold    . . .     Gourm    .   (no shield)
rNeg     . . .     Faith    .   (armour unavailable)
rPois    .         Spirit   .   (helmet restricted)
rElec    +         Reflect  .   o - +1 cloak
rCorr    .         Harm     .   n - +0 pair of gloves
MR       .....                  (no boots)
Stlth    ++........             (no amulet)
HPRegen  0.21/turn              m - +4 ring of strength
MPRegen  0.17/turn              p - +4 ring of dexterity

@: about to teleport, short of breath, slowed, divine energy, very slow
A: breathe lightning, unfitting armour, electricity resistance, cold-blooded, AC
+7
a: Breathe Lightning, Stop Divine Energy, Channel Magic, Forget Spell, Renounce
Religion


You were on level 8 of the Dungeon.
You worshipped Sif Muna.
Sif Muna was greatly pleased with you.
You were not hungry.

You visited 2 branches of the dungeon, and saw 9 of its levels.

You collected 390 gold pieces.

Inventory:

Hand Weapons
 d - a +0 short sword
 e - a +2 dagger of flaming (weapon)
 l - a +0 quarterstaff
 w - the +5 halberd "Ciuch" {speed, rElec rPois Int-3 Stlth+}
   (You found it on level 5 of the Dungeon)

   Attacks with this weapon are significantly faster.
   It affects your intelligence (-3).
   It insulates you from electricity.
   It protects you from poison.
   It makes you more stealthy.
 G - a +3 spear
Missiles
 b - 56 stones (quivered)
Armour
 n - a +0 pair of gloves (worn)
 o - a +1 cloak (worn)
 y - a +2 cloak
 A - a +0 buckler
Magical Staves
 r - an uncursed staff of conjuration
Jewellery
 f - a +3 ring of dexterity
 m - a +4 ring of strength (left hand)
 p - a +4 ring of dexterity (right hand)
 D - a +3 ring of dexterity
 E - an uncursed ring of positive energy {unknown}
Wands
 q - a wand of polymorph (5)
 v - a wand of paralysis (14)
 x - a wand of digging (7)
Scrolls
 a - 3 scrolls of random uselessness
 h - a scroll of identify
 i - 3 scrolls of amnesia
 j - a scroll of magic mapping {unknown}
 k - 5 scrolls of teleportation
 s - a scroll of fog {unknown}
 z - a scroll of enchant armour {unknown}
 B - a scroll of enchant weapon
 F - a scroll of blinking {unknown}
Potions
 g - 2 potions of lignification
 u - 2 potions of might
Comestibles
 c - 10 rations
 C - 5 chunks of flesh


   Skills:
 - Level 2.3 Fighting
 - Level 4.1 Dodging
 - Level 2.0 Stealth
 + Level 7.6 Spellcasting
 - Level 4.0 Conjurations
 - Level 4.0 Transmutations
 * Level 2.8 Fire Magic
 * Level 7.0 Earth Magic


You had one spell level left.
You knew the following spells:

 Your Spells              Type           Power        Failure   Level  Hunger
a - Sandblast             Erth           ####..       1%          1    None
b - Passwall              Tmut/Erth      ####....     1%          2    None
c - Stone Arrow           Conj/Erth      ####..       3%          3    #......
d - Lee's Rapid Deconstr  Erth           ####......   16%         5    #####..
e - Petrify               Tmut/Erth      ####....     10%         4    ###....
f - Leda's Liquefaction   Hex/Erth       ###.......   22%         4    ###....
g - Inner Flame           Hex/Fire       ##......     16%         3    #......

Your spell library contained the following spells:

 Spells                   Type           Power        Failure   Level  Hunger
 Beastly Appendage        Tmut           ###...       1%          1    None
 Animate Skeleton         Necr           N/A          10%         1    None
 Apportation              Tloc           #.....       10%         1    None
 Confusing Touch          Hex            #.....       10%         1    None
 Corona                   Hex            #......      10%         1    None
 Summon Small Mammal      Summ           #...         10%         1    None
 Sticks to Snakes         Tmut           ###.....     2%          2    None
 Spider Form              Tmut/Pois      ##........   13%         3    #......
 Slow                     Hex            #.......     14%         2    None
 Portal Projectile        Hex/Tloc       #.....       28%         3    #......
 Ice Form                 Ice/Tmut       ##......     38%         4    ###....
 Blade Hands              Tmut           ###.......   45%         5    #####..
 Cause Fear               Hex            #.........   67%         4    ###....


Dungeon Overview and Level Annotations

Branches:
Dungeon (8/15)             Temple (1/1) D:7            Lair (0/6) D:8

Altars:
Cheibriados
Dithmenos
Fedhas
Gozag
Hepliaklqana
Kikubaaqudgha
Makhleb
Nemelex Xobeh
Okawaru
Qazlal
Ru
Sif Muna
Trog
Uskayaw
Vehumet
Wu Jian
Xom
Yredelemnul
Zin
The Shining One

Shops:
D:4 *

Annotations:
D:8 Pikel


Innate Abilities, Weirdness & Mutations

You can breathe wild blasts of lightning.
Your glossy black scales are hard. (AC +7)
You cannot fit into any form of body armour.
You are resistant to electric shocks. (rElec)
You are cold-blooded and may be slowed by cold attacks.


Message History

The orb of electricity engulfs the centaur!
You kill the centaur!
Sif Muna accepts your kill.
You can now freely open your mind to new spells.
Your Earth Magic skill increases to level 7!
You feel somewhat more hungry.
You hear a howl!
The warg closely misses you. The warg bites you but does no damage.
You feel better. The warg bites you!
* * * LOW HITPOINT WARNING * * *
The warg bites you but does no damage.
You feel better.
The orc wizard mumbles some strange words.
The orc wizard blinks!
The warg barely misses you. The warg bites you.
* * * LOW HITPOINT WARNING * * *
As you read the scroll of teleportation, it crumbles to dust.
You feel strangely unstable. The warg bites you!
* * * LOW HITPOINT WARNING * * *
The warg bites you!
You die...

...o.>..... #.#
#(..oO....# #.#
......... #.#
#p....h.# #.#
#...p.o.# #.#
#....[# #.# ###o.p#
#.####### #.##o#
#.#.....#######.@hp#
#.#.###.........####
#.#.# ###########
....# #.### #.# ..#
###


You could see a warg, 2 slaves and an orc wizard.

Vanquished Creatures
  Prince Ribbit (D:7)
  2 orc warriors (D:7)
  2 ice beasts
  A sky beast (D:6)
  2 ogres (D:4)
  A phantom (D:7)
  3 centaurs
  8 bullfrogs
  2 scorpions
  3 wights (D:8)
  3 howler monkeys
  4 crimson imps
  A bullfrog zombie (D:6)
  4 hounds
  5 orc priests
  11 orc wizards
  Terence (D:2)
  Natasha (thrice) (D:2)
  5 iguanas
  2 worker ants
  2 hound skeletons (D:5)
  A worker ant zombie (D:7)
  17 adders
  A shadow imp (D:5)
  An ooze (D:3)
  An adder zombie (D:8)
  An adder skeleton (D:5)
  6 worms
  3 dart slugs
  A leopard gecko (D:2)
  24 orcs
  3 ball pythons
  5 bats
  4 giant cockroaches
  3 goblins
  4 hobgoblins
  7 jackals
  3 quokkas
  6 frilled lizards
  A jackal skeleton (D:4)
  7 kobolds
  A leopard gecko skeleton (D:6)
  A quokka skeleton (D:5)
  6 rats
173 creatures vanquished.

Notes
Turn   | Place    | Note
-------+----------+-------------------------------------------
     0 | D:1      | Folque the Draconian Earth Elementalist began the quest for
                  | the Orb.
     0 | D:1      | Reached XP level 1. HP: 14/14 MP: 3/3
   543 | D:1      | Reached skill level 1 in Fighting
   543 | D:1      | Reached XP level 2. HP: 19/23 MP: 5/5
   947 | D:2      | Found a burning altar of Makhleb.
  1179 | D:2      | Learned a level 2 spell: Passwall
  1194 | D:2      | Found a stormy altar of Qazlal.
  1201 | D:2      | Reached XP level 3. HP: 29/29 MP: 6/6
  1209 | D:2      | Learned a level 3 spell: Stone Arrow
  1213 | D:2      | Noticed Terence
  1462 | D:2      | Noticed Natasha
  1490 | D:2      | Killed Natasha
  1544 | D:2      | Noticed Natasha
  1551 | D:2      | Killed Natasha
  1551 | D:2      | Reached XP level 4. HP: 20/37 MP: 0/8
  1669 | D:2      | Noticed Natasha
  1673 | D:2      | Killed Natasha
  2111 | D:2      | Killed Terence
  2111 | D:2      | Reached XP level 5. HP: 26/42 MP: 0/10
  2189 | D:3      | Found a sacrificial altar of Ru.
  2471 | D:3      | Learned a level 5 spell: Lee's Rapid Deconstruction
  2581 | D:3      | Reached skill level 1 in Conjurations
  2996 | D:4      | Noticed an ogre
  3260 | D:4      | Reached XP level 6. HP: 49/49 MP: 8/12
  3422 | D:4      | Found a sparkling altar of Nemelex Xobeh.
  3477 | D:4      | Reached skill level 5 in Earth Magic
  3612 | D:4      | Your scales start taking on a glossy black colour.
  3612 | D:4      | Reached XP level 7. HP: 56/56 MP: 1/14
  3612 | D:4      | Gained mutation: You are resistant to electric shocks.
                  | (rElec) [Black Draconian growth]
  3866 | D:4      | Found Terr's Elemental Accessories.
  3879 | D:4      | Learned a level 4 spell: Petrify
  3888 | D:4      | Found a deep blue altar of Sif Muna.
  3894 | D:4      | Became a worshipper of Sif Muna the Loreminder
  4021 | D:5      | Entered Level 5 of the Dungeon
  4087 | D:5      | Reached skill level 5 in Spellcasting
  4294 | D:5      | Reached skill level 5 in Earth Magic
  4465 | D:5      | Reached * piety under Sif Muna
  4494 | D:5      | Found a shadowy altar of Dithmenos.
  4789 | D:5      | Got a fine halberd
  4790 | D:5      | Identified the +5 halberd "Ciuch" {speed, rElec rPois Int-3
                  | Stlth+} (You found it on level 5 of the Dungeon)
  4863 | D:5      | Reached XP level 8. HP: 62/62 MP: 8/16
  5085 | D:6      | Found a basalt altar of Yredelemnul.
  5086 | D:6      | Found an ornate altar of the Wu Jian Council.
  5270 | D:6      | Found a hazy altar of Hepliaklqana.
  5270 | D:6      | Found an ancient bone altar of Kikubaaqudgha.
  5336 | D:6      | Reached ** piety under Sif Muna
  6241 | D:7      | Reached XP level 9. HP: 64/68 MP: 9/18
  6401 | D:7      | Noticed Prince Ribbit
  6407 | D:7      | Killed Prince Ribbit
  6577 | D:7      | Reached *** piety under Sif Muna
  6770 | D:7      | Found a staircase to the Ecumenical Temple.
  6776 | Temple   | Entered the Ecumenical Temple
  7039 | D:7      | Learned a level 4 spell: Leda's Liquefaction
  7050 | D:7      | Learned a level 3 spell: Inner Flame
  7108 | D:8      | Noticed Pikel
  7274 | D:8      | Reached skill level 1 in Fire Magic
  7435 | D:8      | Found an opulent altar of Gozag.
  7552 | D:8      | Found a staircase to the Lair.
  7552 | D:8      | Noticed a two-headed ogre
  7558 | D:8      | Reached **** piety under Sif Muna
  7561 | D:8      | HP: 2/68 [warg (9)]
  7561 | D:8      | Mangled by a warg

Skill      XL: |  1  2  3  4  5  6  7  8  9 |
---------------+----------------------------+-----
Fighting       | 1 2 |  2.3
Spellcasting   | 3 4 5 6 7 |  7.6
Earth Magic    | 4 4 5 7 |  7.0
Conjurations   | 1 3 4 |  4.0
Stealth        | 2 |  2.0
Dodging        | 2 3 4 |  4.1
Transmutations | 2 3 4 |  4.0
Fire Magic     | 2 |  2.8

Action                   |  1- 3 |  4- 6 |  7- 9 || total
-------------------------+-------+-------+-------++-------
Melee: Unarmed           |    15 |    12 |       ||    27
       Short sword       |    64 |    59 |       ||   123
       Tailslap          |     4 |     9 |    32 ||    45
       Dagger            |       |    57 |   161 ||   218
 Cast: Sandblast         |    17 |    25 |    61 ||   103
       Stone Arrow       |     4 |    27 |    54 ||    85
       Passwall          |       |     1 |       ||     1
       Lee's Rapid Decon |       |       |    14 ||    14
       Petrify           |       |       |    11 ||    11
Invok: Divine Energy     |       |       |     2 ||     2
       Stop Divine Energ |       |       |     1 ||     1
 Abil: Breathe Lightning |       |       |     3 ||     3
  Use: Scroll            |       |    10 |     5 ||    15
       Potion            |       |       |     2 ||     2
 Stab: Sleeping          |     1 |     2 |     8 ||    11
       Petrified         |       |       |    30 ||    30
       Petrifying        |       |       |     2 ||     2
  Eat: Chunk             |     3 |     9 |    19 ||    31
       Ration            |       |       |     1 ||     1
Armor: Skin              |    35 |    31 |    50 ||   116
Dodge: Dodged            |    62 |    85 |   111 ||   258
